Map: Orbital Shipyard

Players

Giantt

  • Race: Zerg Zerg
  • League: Diamond

ArchangeL - Winner!

  • Race: Terran Terran
  • League: Diamond

VOD

Have the link to the VOD?

Description

Time

  • Played on: Sept. 6, 2015, 12:48 p.m.
  • Length: 9:03
Show
View Real Time Build Order
Export as new Build Order

Giantt Zerg 

Build Orders: Hatch First 

Get SALT Encoding   

  12  0:01  Drone  
  13  0:08  Drone  
  14  0:17  Overlord  
  14  0:24  Drone, Extractor  
  15  0:35  Drone x2  
  17  0:52  Hatchery  
  17  0:55  Drone  
  17  0:58  Drone  
  18  1:09  Extractor  
  17  1:13  Spawning Pool  
  17  1:15  Drone  
  17  1:18  Drone  
  18  1:27  Drone  
  19  1:38  Overlord  
  19  1:51  Drone  
  20  1:59  Queen  
  20  2:01  Zergling x2  
  23  2:04  Queen  
  23  2:05  Drone  
  26  2:10  Metabolic Boost  
  26  2:13  Drone  
  26  2:15  Drone  
  28  2:22  Drone  
  29  2:34  Extractor  
  28  2:39  Spore Crawler  
  27  2:50  Drone x4  
  27  2:51  Drone  
  34  2:53  Hatchery  
  34  2:57  Drone  
  34  3:04  Overlord  
  34  3:05  Drone  
  35  3:09  Drone  
  35  3:10  Overlord, Extractor  
  35  3:11  Overlord  
  35  3:15  Drone  
  35  3:17  Extractor  
  35  3:26  Drone  
  37  3:27  Drone x4  
  37  3:33  Lair  
  40  3:37  Evolution Chamber  
  39  3:42  Drone  
  39  3:44  Drone  
  39  3:47  Roach Warren, Zergling x2  
  41  3:50  Zergling x2  
  41  3:54  Zergling x2  
  41  3:55  Zergling x2  
  44  3:58  Drone  
  44  4:00  Drone  
  46  4:03  Zerg Missile Weapons Level 1  
  46  4:05  Drone  
  46  4:07  Drone  
  49  4:10  Drone  
  49  4:12  Drone  
  49  4:15  Drone  
  51  4:19  Drone x2  
  51  4:20  Drone  
  52  4:27  Roach  
  52  4:28  Roach  
  58  4:38  Roach x3  
  62  4:52  Hydralisk Den  
  62  4:55  Roach x2  
  60  5:11  Roach x4  
  66  5:25  Overlord x4  
  66  5:27  Overlord  
  66  5:28  Overlord  
  60  5:41  Extractor  
  59  5:44  Muscular Augments  
  59  5:45  Hydralisk x6  
  71  6:07  Hydralisk, Queen x2  
  71  6:08  Hydralisk x3  
  63  6:25  Roach x2  
  63  6:26  Roach x5  
  65  6:44  Hatchery  
  65  6:45  Spawning Pool  
  65  6:46  Drone x4  
  66  6:50  Drone x2  
  68  6:58  Drone x2  
  70  7:05  Overseer  
  70  7:07  Drone  
  70  7:08  Drone x2  
  73  7:11  Drone  
  73  7:15  Drone x4, Infestation Pit  
  78  7:16  Drone  
  78  7:25  Drone  
  78  7:26  Drone  
  80  7:37  Overlord  
  80  7:38  Drone x2  
  82  7:44  Drone x3  
  82  7:51  Overlord, Infestor  
  85  7:52  Infestor x2  
  91  8:00  Drone  
  92  8:05  Hydralisk  
  92  8:06  Hydralisk x3  
  100  8:18  Extractor  
  100  8:19  Extractor  
  98  8:22  Hydralisk x4  
  98  8:23  Roach  
  98  8:26  Roach  
  110  8:27  Roach  
  112  8:41  Roach x6  
Show
View Real Time Build Order
Export as new Build Order

ArchangeL Terran - Winner!

Build Orders: Liberator Opening, Reaper Expand, MMM Bio 

Get SALT Encoding   

  12  0:01  SCV  
  13  0:13  SCV  
  14  0:18  Supply Depot  
  14  0:25  SCV  
  15  0:40  SCV  
  15  0:41  Barracks  
  16  0:46  Refinery  
  16  0:52  SCV  
  17  1:06  SCV  
  18  1:18  SCV  
  19  1:29  Reaper  
  19  1:31  Orbital Command  
  20  1:40  Command Center  
  20  1:50  Refinery  
  20  1:56  SCV  
  21  2:06  Factory  
  21  2:08  SCV  
  21  2:12  Supply Depot  
  22  2:20  Barracks Reactor, SCV  
  23  2:34  SCV  
  24  2:47  SCV  
  24  2:51  Starport  
  24  2:54  Orbital Command  
  24  2:59  SCV  
  24  3:03  Barracks Tech Lab  
  24  3:04  Hellion x2  
  29  3:12  SCV  
  30  3:23  Marauder  
  30  3:24  Stimpack  
  30  3:25  Hellion x2  
  36  3:30  Medivac  
  36  3:32  SCV x2  
  40  3:42  Supply Depot  
  40  3:45  Marauder  
  40  3:46  Hellion  
  40  3:47  Liberator  
  45  3:48  SCV  
  45  3:49  SCV  
  46  3:57  Refinery  
  46  4:04  SCV  
  46  4:09  SCV  
  51  4:11  Supply Depot  
  51  4:12  Hellion x2  
  55  4:25  Marauder  
  55  4:28  Armory, SCV x2  
  59  4:40  SCV x2  
  61  4:46  Hellion  
  61  4:47  Hellion  
  65  5:04  SCV x2  
  67  5:08  Hellion  
  67  5:09  Command Center  
  69  5:14  Hellion  
  69  5:15  Supply Depot, Barracks  
  69  5:18  Barracks  
  67  5:35  SCV x2  
  69  5:38  Supply Depot  
  69  5:39  Refinery  
  69  5:40  Engineering Bay, Starport Reactor  
  69  5:41  Combat Shields, Marauder  
  69  5:42  Engineering Bay  
  71  5:47  SCV x2  
  73  5:59  SCV  
  74  6:05  Barracks Reactor x2  
  74  6:06  Barracks  
  74  6:09  SCV  
  74  6:11  SCV  
  58  6:26  Marauder  
  58  6:27  Hellion x2  
  62  6:37  SCV x2  
  62  6:38  Orbital Command  
  62  6:39  Terran Infantry Weapons Level 1, Terran Infantry Armor Level 1  
  58  6:41  Supply Depot  
  58  6:42  Supply Depot, Medivac x2, Marine x4  
  63  6:47  Marine  
  63  6:49  SCV x2  
  63  6:51  Hellion x2  
  63  6:54  Barracks Reactor  
  70  6:55  Orbital Command  
  70  7:03  SCV  
  70  7:04  SCV  
  70  7:05  Marine x3  
  75  7:12  Medivac x2  
  83  7:15  Hellion x2  
  83  7:16  SCV x2  
  83  7:20  SCV, Barracks  
  83  7:22  Barracks  
  86  7:23  Barracks  
  86  7:25  Marine x2  
  86  7:26  Marine x2  
  86  7:27  Marauder  
  86  7:28  SCV  
  86  7:29  SCV  
  94  7:33  SCV  
  95  7:37  Marine x2  
  95  7:41  SCV  
  95  7:43  Marine x3  
  101  7:48  Marine x2  
  101  7:49  Hellion x2, Medivac x2  
  111  7:51  SCV x2  
  111  7:55  Marine  
  111  7:57  Marine  
  115  8:01  Marine x2  
  115  8:04  Marine  
  118  8:06  Marine  
  118  8:08  Supply Depot  
  118  8:10  Supply Depot, Barracks Tech Lab  
  118  8:11  Supply Depot, Barracks Reactor  
  119  8:13  Refinery x2  
  119  8:15  Marine x2  
  119  8:16  Marauder  
  119  8:17  Barracks Tech Lab  
  123  8:24  Marine x4  
  127  8:31  Command Center  
  127  8:33  Marine x2  
  129  8:37  Marine  
  130  8:42  Marine  
  130  8:43  Marine x2  
  130  8:44  Marine  
Tags
 
Add a new tag
Caveats
  • Supply blocks, unpowered buildings, or Contaminate may cause inaccurate times.
  • Supply counts are checked every 10 seconds.